Map: Rhoskallian LE

Players

Poki

  • Race: Terran Terran
  • League: Platinum
  • Spawn Location: 5:00

Bernardo

  • Race: Zerg Zerg
  • League: Bronze
  • Spawn Location: 6:00

Ekelpack - Winner!

  • Race: Zerg Zerg
  • Spawn Location: 11:00

Nyck - Winner!

  • Race: Terran Terran
  • Spawn Location: 12:00

VOD

Have the link to the VOD?

Description

Time

  • Played on: Oct. 8, 2024, 3:38 p.m.
  • Length: 24:21
Show
View Real Time Build Order
Export as new Build Order

Poki Terran 

Build Orders: 1/1/1 

Get SALT Encoding   

  12  0:01  SCV  
  13  0:13  SCV  
  14  0:18  Supply Depot  
  14  0:25  SCV  
  15  0:39  SCV  
  15  0:42  Barracks  
  16  0:47  Refinery  
  16  0:52  Refinery  
  16  0:54  SCV  
  17  1:06  SCV  
  18  1:17  Barracks  
  18  1:20  SCV  
  19  1:28  Marine  
  20  1:37  Factory  
  20  1:42  SCV  
  21  1:47  Marine  
  22  1:58  Supply Depot  
  22  2:03  SCV  
  22  2:07  Barracks Tech Lab  
  23  2:12  Barracks Reactor  
  23  2:24  Starport  
  23  2:28  Factory Reactor  
  23  2:34  Marine  
  24  2:38  SCV  
  24  2:43  Stimpack  
  25  2:48  Marine  
  26  2:51  Marine  
  27  3:00  Supply Depot  
  27  3:08  Marine x2  
  29  3:17  Medivac  
  31  3:22  Medivac  
  31  3:25  Marine  
  34  3:29  Marine  
  34  3:32  Marine  
  36  3:40  Factory Tech Lab  
  36  3:45  Orbital Command  
  36  3:50  Marine  
  36  3:52  Marine  
  38  3:56  Marine  
  39  4:05  Supply Depot  
  39  4:27  Siege Tank, Marine x2  
  39  4:28  Supply Depot  
  44  4:37  Marine  
  41  5:30  Marine  
  41  5:31  Marine x2  
  37  5:38  Cyclone, Engineering Bay x2  
  37  5:40  Viking x2  
  41  5:45  SCV  
  41  5:48  Marine  
  43  5:54  Combat Shield, Marine  
  44  6:13  Viking x2  
  44  6:14  Marine x3  
  50  6:26  Widow Mine  
  50  6:31  Marine, Armory  
  50  7:00  Widow Mine  
  52  7:18  Missile Turret  
  52  7:19  Drilling Claws  
  52  7:21  Command Center, Widow Mine  
  54  7:24  Refinery  
  54  7:28  Refinery  
  54  7:30  Marine  
  55  7:48  Supply Depot  
  55  8:09  Marine x3, Viking x2  
  62  8:24  SCV  
  63  8:32  Marine  
  64  8:34  Supply Depot  
  64  8:36  SCV  
  64  8:37  Orbital Command, Supply Depot  
  64  8:39  Medivac  
  67  8:59  Medivac  
  69  9:09  Medivac  
  54  9:20  Marine x3  
  54  9:24  SCV x2  
  42  9:27  Widow Mine  
  44  9:36  SCV  
  44  9:37  Factory  
  44  9:38  Marine x2  
  45  9:41  Factory  
  45  9:49  Widow Mine  
  45  9:53  Marine  
  45  9:55  Marine  
  45  9:59  SCV  
  49  10:00  SCV  
  49  10:01  Barracks  
  49  10:02  Barracks  
  49  10:10  Widow Mine  
  49  10:11  SCV  
  52  10:14  Marine  
  52  10:15  Marine x2  
  55  10:30  SCV  
  55  10:31  SCV  
  55  10:32  Marine x2  
  60  10:42  SCV  
  60  10:54  Terran Infantry Weapons Level 1  
  58  11:00  Marine x3  
  58  11:01  Marine x2  
  63  11:18  Marine  
  54  11:22  Marine x4  
  54  11:23  Widow Mine  
  54  11:25  SCV  
  59  11:30  Factory  
  59  11:31  Medivac  
  59  11:32  Medivac  
  63  11:34  Factory  
  63  11:36  Marine  
  63  11:43  Widow Mine x2  
  63  11:45  Widow Mine, Barracks Reactor  
  63  11:46  Barracks Reactor  
  69  11:52  Terran Infantry Armor Level 1  
  69  12:00  SCV  
  70  12:04  Widow Mine  
  70  12:05  Marine x2  
  70  12:06  Medivac  
  70  12:07  Medivac  
  78  12:09  Widow Mine x2  
  86  12:30  Widow Mine x4  
  90  12:39  Widow Mine  
  92  12:46  Marine x2  
  92  12:47  Command Center  
  94  12:52  Terran Infantry Weapons Level 2  
  94  12:53  Supply Depot  
  94  12:57  Supply Depot  
  94  13:14  Marine x6  
  94  13:15  Widow Mine  
  94  13:19  Marine, Widow Mine  
  105  13:32  Marine  
  80  14:09  Widow Mine  
  82  14:10  Widow Mine x4  
  86  14:20  Marine x5  
  86  14:21  Marine x2  
  93  14:28  Terran Infantry Armor Level 2  
  93  14:31  Widow Mine x2  
  97  14:38  Marine x2  
  99  14:39  Widow Mine x2  
  99  14:40  Widow Mine  
  105  14:52  Widow Mine  
  101  15:16  Widow Mine x2  
  105  15:25  Widow Mine x2  
  109  15:33  Command Center  
  109  15:35  Widow Mine  
  109  15:37  Widow Mine x2  
  103  15:43  Command Center  
  103  15:46  Widow Mine x2  
  107  15:56  Widow Mine  
  109  16:15  Widow Mine  
  109  16:16  Widow Mine  
  109  16:17  Widow Mine  
  72  16:39  Widow Mine x2  
  74  16:40  Widow Mine x3  
  76  16:59  Orbital Command  
  76  17:00  Orbital Command  
  76  17:01  Widow Mine x4  
  70  17:17  Terran Infantry Weapons Level 3  
  70  17:18  Terran Infantry Armor Level 3, Refinery  
  70  17:19  Terran Vehicle Weapons Level 1, Refinery  
  70  17:22  Marine x4  
  73  17:23  Marine x3  
  77  17:40  Marine x2  
  59  17:54  Widow Mine x3  
  59  17:55  Widow Mine x2  
  59  17:57  Marine x6  
  59  17:58  Marine  
  72  18:09  Missile Turret  
  72  18:10  Missile Turret  
  72  18:14  Marine  
  72  18:15  Marine x4, Widow Mine  
  72  18:16  Widow Mine x4  
  72  18:19  SCV  
  89  18:20  SCV  
  89  18:21  SCV  
  91  18:27  Orbital Command  
  91  18:32  SCV  
  91  18:37  Widow Mine x3  
  95  18:50  Marine x5  
  95  18:51  Marine x2  
  96  19:08  Marine  
  93  19:16  Widow Mine x4  
  101  19:17  Widow Mine  
  101  19:18  Medivac x2  
  107  19:27  Marine  
  107  19:28  Marine x4  
  110  19:37  Marine x2  
  104  19:45  Marine x2  
  104  19:46  Marine  
  104  19:47  Marine x2  
  109  19:55  Marine  
  106  20:07  Terran Vehicle Weapons Level 2  
  106  20:09  Factory Tech Lab x2  
  106  20:17  Marine, Refinery  
  91  20:22  Refinery  
  73  20:28  Ghost Academy  
  73  20:34  Marine x3  
  73  20:35  Marine x3  
  70  20:36  Marine  
  70  20:37  Medivac x2  
  70  20:40  Widow Mine x3  
  73  20:48  SCV  
  74  20:52  Marine x3  
  74  20:53  Marine x2  
  79  21:03  Marine  
  79  21:04  Marine  
  80  21:05  Personal Cloaking  
  80  21:07  Command Center, Medivac  
  80  21:08  Barracks  
  80  21:11  Refinery  
  83  21:12  Refinery  
  83  21:19  Barracks  
  83  21:23  Barracks  
  83  21:24  Barracks  
  73  21:33  Marine  
  73  21:34  Marine x6  
  80  21:45  Medivac  
  80  21:46  Widow Mine x3  
  88  21:51  Marine x2  
  88  21:52  Marine x3  
  93  21:57  Marine x2  
  93  21:59  SCV x2  
  97  22:09  Marine x3, Widow Mine  
  97  22:10  Widow Mine x4  
  110  22:29  Marine x2  
  111  22:34  Widow Mine x2  
  114  22:45  Widow Mine  
  114  22:46  Widow Mine  
  100  23:26  Marine x2  
  77  23:51  Widow Mine  
Show
View Real Time Build Order
Export as new Build Order

Bernardo Zerg 

Build Orders: Hatch First, Lurkers 

Get SALT Encoding   

  12  0:14  Overlord  
  12  0:23  Drone  
  13  0:31  Drone  
  13  0:33  Drone  
  15  0:37  Drone  
  16  0:54  Hatchery  
  15  1:01  Drone x2  
  17  1:15  Extractor  
  17  1:18  Spawning Pool  
  15  1:20  Drone  
  15  1:23  Drone  
  17  1:30  Drone  
  18  1:40  Drone  
  19  1:51  Overlord  
  19  2:06  Queen x2  
  19  2:08  Zergling x4  
  25  2:21  Drone x2  
  27  2:29  Overlord  
  27  2:37  Drone x2  
  27  2:39  Drone  
  30  2:59  Hatchery  
  30  3:01  Overlord  
  30  3:02  Drone x2  
  31  3:09  Queen  
  33  3:15  Zergling x4  
  35  3:35  Drone x4  
  35  3:36  Drone x3  
  35  3:40  Lair  
  42  3:43  Drone  
  43  3:52  Extractor  
  43  3:53  Extractor  
  41  3:59  Drone x3  
  44  4:09  Zergling x10  
  49  4:15  Spore Crawler  
  48  4:20  Spore Crawler  
  47  4:27  Drone  
  47  4:28  Drone x2  
  47  4:29  Zergling x2  
  47  4:30  Zergling x2  
  52  4:38  Baneling Nest  
  51  4:42  Drone x3, Extractor  
  44  5:08  Zergling x14  
  46  5:23  Drone x6  
  51  5:40  Drone x3  
  51  5:42  Hydralisk Den  
  53  5:57  Drone x5  
  58  6:04  Spore Crawler  
  58  6:06  Spore Crawler  
  58  6:08  Overlord x6  
  56  6:17  Spore Crawler  
  55  6:21  Spore Crawler  
  55  6:22  Spore Crawler  
  55  6:23  Spore Crawler  
  52  6:26  Spore Crawler, Queen x3  
  52  6:30  Drone x4  
  59  6:54  Hydralisk x6  
  70  7:11  Drone x10  
  80  7:17  Spore Crawler  
  80  7:20  Drone  
  80  7:21  Spore Crawler  
  79  7:29  Overlord  
  79  7:30  Overlord x2  
  79  7:43  Overlord x2  
  79  7:45  Muscular Augments  
  78  8:08  Drone x4  
  82  8:17  Drone  
  82  8:18  Drone x10  
  91  8:22  Extractor  
  91  8:26  Extractor  
  89  8:36  Hydralisk x8  
  105  8:48  Overlord x4  
  105  8:49  Grooved Spines  
  103  8:57  Centrifugal Hooks  
  99  9:10  Lurker Den  
  99  9:16  Infestation Pit  
  97  9:20  Spore Crawler  
  97  9:21  Spore Crawler  
  97  9:23  Hydralisk x10  
  97  9:24  Hydralisk x3  
  121  9:37  Drone x4  
  125  9:52  Hydralisk x6  
  125  9:58  Overlord x4  
  125  9:59  Overlord  
  137  10:05  Hive  
  137  10:09  Overseer  
  137  10:20  Hydralisk x7  
  151  10:36  Zergling x10  
  149  11:40  Lurker  
  149  11:41  Lurker x11  
  149  11:43  Viper x6  
  149  11:46  Overlord x3  
  149  11:47  Overlord x5  
  178  11:59  Seismic Spines  
  178  12:11  Hydralisk x10  
  180  12:52  Queen  
  180  12:54  Drone x3  
  180  12:55  Drone x2  
  187  13:01  Spore Crawler  
  187  13:04  Spore Crawler  
  187  13:05  Spore Crawler  
  184  13:08  Spore Crawler  
  183  13:37  Hatchery  
  183  13:39  Extractor  
  183  13:40  Extractor  
  156  14:24  Drone x5  
  157  14:27  Queen  
  157  14:28  Hydralisk x15  
  193  14:37  Drone  
  194  14:51  Hatchery  
  143  15:33  Hydralisk x20  
  143  15:35  Evolution Chamber  
  138  15:36  Evolution Chamber  
  131  15:49  Drone x3  
  134  15:50  Drone  
  134  15:51  Drone  
  134  15:52  Drone x6  
  134  15:53  Queen  
  134  15:56  Overseer  
  144  16:02  Zerg Ground Armor Level 1, Zerg Missile Weapons Level 1  
  144  16:12  Extractor  
  144  16:14  Drone x3  
  144  16:17  Drone x7  
  153  16:26  Hydralisk x2  
  153  16:30  Zergling x4  
  159  16:36  Zergling x6  
  162  17:03  Hydralisk x9  
  180  17:20  Drone x3  
  183  17:32  Hydralisk x8  
  199  17:39  Baneling x6  
  199  17:58  Zerg Missile Weapons Level 2, Zerg Ground Armor Level 2  
  196  18:30  Viper  
  199  18:37  Hatchery  
  198  18:41  Extractor  
  198  18:44  Extractor  
  196  19:58  Hatchery  
  195  20:02  Extractor  
  194  20:11  Lurker x5  
  137  20:30  Hydralisk x11  
  137  20:31  Hydralisk x20  
  146  20:46  Hydralisk x9  
  146  20:47  Hydralisk x2  
  168  21:07  Lurker x11  
  100  21:51  Hydralisk x11  
  93  22:12  Hydralisk  
  93  22:13  Hydralisk x2  
  62  22:39  Hydralisk x4  
  70  23:38  Hydralisk  
  70  23:39  Hydralisk x4  
Show
View Real Time Build Order
Export as new Build Order

Ekelpack Zerg - Winner!

Build Orders: Hatch First 

Get SALT Encoding   

  12  0:00  Drone  
  13  0:13  Overlord  
  13  0:18  Drone  
  14  0:31  Drone  
  15  0:42  Drone  
  16  0:54  Hatchery, Drone  
  16  1:10  Spawning Pool  
  15  1:12  Drone  
  15  1:18  Drone, Extractor  
  16  1:23  Drone  
  17  1:26  Drone  
  18  1:42  Drone  
  19  1:56  Queen  
  19  1:58  Overlord  
  19  2:01  Drone  
  22  2:07  Queen  
  24  2:12  Drone  
  25  2:16  Drone  
  25  2:20  Drone  
  25  2:21  Drone  
  28  2:28  Drone  
  28  2:29  Drone  
  30  2:38  Lair  
  30  2:39  Drone  
  30  2:42  Drone  
  32  2:48  Queen  
  32  2:50  Drone  
  35  2:55  Drone  
  36  2:58  Extractor  
  36  3:00  Drone  
  36  3:01  Overlord  
  36  3:11  Extractor  
  36  3:12  Drone  
  36  3:20  Drone  
  36  3:21  Drone x2  
  39  3:30  Drone x3  
  42  3:36  Extractor  
  41  3:44  Spire  
  41  3:46  Drone x2  
  42  3:50  Overlord  
  42  3:56  Drone x2  
  42  3:57  Overlord  
  44  4:06  Overlord  
  44  4:11  Drone x3  
  47  4:19  Drone, Overlord  
  47  4:20  Overlord  
  48  4:58  Mutalisk x3  
  48  4:59  Mutalisk x6  
  60  5:00  Mutalisk  
  66  5:16  Hatchery  
  58  5:35  Mutalisk x4  
  66  5:56  Mutalisk  
  66  5:58  Overlord x3  
  68  6:16  Queen  
  70  6:22  Overlord  
  70  6:23  Overlord, Mutalisk x3  
  70  6:24  Mutalisk x4  
  82  6:54  Mutalisk x4  
  82  6:56  Zergling x6  
  82  6:57  Zergling x6  
  96  7:09  Drone x5  
  101  7:25  Overlord x5  
  101  7:38  Mutalisk  
  101  7:39  Mutalisk x3  
  101  7:40  Overlord  
  101  7:41  Drone x3  
  112  7:47  Extractor x2  
  110  7:55  Drone  
  110  7:56  Drone x6  
  110  7:57  Drone  
  108  8:25  Mutalisk x6  
  120  8:45  Mutalisk x2  
  124  8:57  Hatchery  
  123  9:03  Mutalisk x3  
  123  9:18  Zergling x2  
  123  9:19  Zergling x12  
  123  9:20  Zergling x2  
  127  9:36  Zergling x4  
  129  9:44  Extractor  
  128  9:48  Extractor  
  127  9:53  Metabolic Boost  
  127  9:56  Mutalisk x6  
  127  9:57  Mutalisk x4  
  147  10:00  Drone x4  
  151  10:12  Pneumatized Carapace  
  151  10:15  Zergling x12  
  151  10:16  Zergling x2  
  158  10:23  Zerg Flyer Weapons Level 1  
  158  10:27  Evolution Chamber  
  158  10:28  Evolution Chamber  
  156  10:30  Mutalisk x2  
  156  10:31  Mutalisk x4  
  156  10:32  Overlord x2  
  164  10:55  Overseer x2  
  164  11:03  Zergling x8  
  164  11:04  Zergling x2, Overlord x4  
  168  11:05  Zergling x6  
  168  11:16  Zerg Melee Weapons Level 1, Zerg Ground Armor Level 1  
  165  11:21  Infestation Pit  
  165  11:23  Drone x4  
  168  11:35  Queen  
  166  11:47  Mutalisk  
  166  11:49  Overlord x2  
  168  12:02  Overlord x2  
  168  12:08  Drone x5  
  171  12:09  Drone x2  
  175  12:17  Zerg Flyer Armor Level 1  
  163  12:40  Mutalisk x6  
  163  12:41  Mutalisk x7  
  163  12:42  Mutalisk x2  
  187  12:52  Hive  
  185  13:11  Zerg Melee Weapons Level 2  
  185  13:12  Zerg Ground Armor Level 2  
  185  13:31  Zergling x6, Mutalisk x5  
  110  14:27  Mutalisk x7  
  110  14:28  Mutalisk x6  
  110  14:29  Mutalisk x2  
  110  14:30  Zergling x6  
  110  14:31  Zergling x4  
  145  15:00  Hatchery  
  145  15:02  Adrenal Glands  
  142  15:28  Zergling x8  
  105  15:29  Zergling x12  
  105  15:30  Zergling x4  
  99  15:45  Zergling x4  
  99  15:46  Zergling x4  
  103  16:00  Queen  
  105  16:04  Zerg Flyer Weapons Level 2  
  105  16:07  Zerg Melee Weapons Level 3  
  105  16:08  Zerg Ground Armor Level 3  
  105  16:09  Zergling x12  
  105  16:10  Zergling x4  
  80  16:25  Zergling x4  
  80  16:26  Zergling x12  
  80  16:27  Zergling x12  
  80  16:28  Extractor  
  86  16:33  Extractor  
  85  16:53  Ultralisk Cavern  
  79  16:56  Mutalisk x7  
  79  16:57  Mutalisk x4  
  88  17:56  Ultralisk x5  
  111  17:59  Hatchery  
  108  18:30  Ultralisk x2  
  120  18:38  Ultralisk  
  120  18:39  Chitinous Plating  
  126  19:01  Ultralisk  
  132  19:16  Ultralisk x2  
  143  19:29  Overseer  
  139  19:47  Ultralisk x3  
  157  20:00  Anabolic Synthesis  
  157  20:08  Zerg Flyer Weapons Level 3  
  143  20:23  Ultralisk  
  103  20:30  Ultralisk  
  101  20:46  Ultralisk  
  101  20:47  Zergling x10  
  101  20:48  Zergling x6  
  115  21:02  Zergling x8  
  115  21:03  Zergling x14  
  125  21:22  Drone  
  125  21:23  Drone x2  
  106  21:54  Zergling x6, Ultralisk  
  106  21:55  Zergling x12  
  106  21:56  Zergling x12  
  106  21:57  Zergling x12  
  126  22:20  Zergling x6  
  126  22:21  Zergling x12  
  126  22:22  Zergling x2  
  117  22:33  Zergling x8  
  121  23:01  Hatchery  
  108  23:40  Zergling x4, Ultralisk x2  
  108  23:41  Zergling x10  
Show
View Real Time Build Order
Export as new Build Order

Nyck Terran - Winner!

Build Orders: 2 Factory 

Get SALT Encoding   

  12  0:00  SCV  
  13  0:12  SCV  
  14  0:18  Supply Depot  
  14  0:24  SCV  
  15  0:40  SCV  
  15  0:42  Barracks  
  16  0:52  SCV  
  16  0:53  Refinery  
  17  0:57  Refinery  
  17  1:04  SCV  
  18  1:16  SCV  
  19  1:30  Orbital Command  
  19  1:45  Factory  
  19  1:56  SCV  
  20  2:05  Factory  
  20  2:08  SCV  
  20  2:11  Supply Depot  
  21  2:17  Barracks Tech Lab  
  21  2:20  SCV  
  22  2:32  Factory Reactor  
  22  2:34  SCV  
  22  2:36  Supply Depot  
  23  2:46  SCV  
  24  3:04  Command Center, Hellion  
  26  3:09  Hellion  
  28  3:15  Infernal Pre-Igniter  
  28  3:20  SCV  
  28  3:25  Hellion  
  31  3:27  Hellion  
  31  3:33  Hellion  
  35  3:45  SCV  
  36  3:51  Supply Depot  
  36  3:58  Starport  
  36  4:02  Engineering Bay  
  36  4:03  SCV  
  37  4:16  SCV  
  38  4:34  SCV  
  38  4:35  Refinery  
  38  4:37  Siege Tank  
  42  4:47  SCV  
  12  5:25  Hellion x3  
  12  5:27  Marine  
  15  5:47  Hellion x3  
  21  5:53  SCV  
  22  5:57  SCV  
  23  6:05  SCV  
  23  6:08  Hellion x3  
  23  6:09  SCV  
  30  6:18  SCV  
  31  6:21  SCV  
  32  6:30  SCV  
  33  6:33  SCV  
  33  6:37  Hellion  
  33  6:39  Hellion  
  38  6:42  SCV  
  38  6:46  SCV  
  41  6:54  SCV  
  41  6:58  SCV  
  42  7:06  SCV  
  43  7:21  SCV  
  43  7:22  SCV  
  45  7:25  Command Center  
  47  7:34  SCV  
  47  7:35  SCV  
  47  7:50  SCV x2  
  49  8:02  SCV x2  
  51  8:05  Command Center  
  51  8:14  SCV x2  
  53  8:26  SCV x2  
  55  8:37  Orbital Command  
  55  8:38  SCV  
  55  8:41  SCV, Refinery  
  56  8:50  SCV  
  56  8:52  Refinery  
  56  8:53  SCV  
  58  9:28  SCV  
  60  9:32  Orbital Command  
  59  9:40  SCV  
  58  9:52  SCV  
  59  10:04  SCV  
  59  10:05  Orbital Command  
  59  10:07  SCV  
  61  10:10  Command Center  
  61  10:12  Hellion x3  
  67  10:16  SCV  
  67  10:19  Supply Depot, SCV, Refinery  
  69  10:23  Barracks  
  69  10:28  SCV, Armory  
  69  10:30  Engineering Bay  
  69  10:32  Terran Infantry Weapons Level 1  
  69  10:33  SCV x2  
  72  10:40  SCV  
  73  10:45  SCV  
  73  10:46  SCV  
  73  10:48  Hellion x3  
  80  10:52  SCV  
  81  10:57  SCV  
  81  10:58  SCV  
  83  11:05  SCV  
  83  11:10  SCV  
  85  11:12  Barracks  
  85  11:18  Supply Depot  
  85  11:20  SCV x2, Starport Reactor, Hellion x3  
  85  11:22  SCV, Terran Infantry Armor Level 1  
  94  11:32  SCV x2  
  96  11:34  SCV  
  97  11:44  SCV x2  
  97  11:45  Hellion x2  
  97  11:46  SCV, Hellion  
  106  11:50  Supply Depot  
  106  11:52  Terran Vehicle And Ship Armor Level 1  
  106  11:56  SCV x2  
  106  11:57  Supply Depot  
  106  11:58  SCV  
  106  12:01  Barracks  
  109  12:03  Barracks Tech Lab  
  109  12:08  SCV x2  
  109  12:10  SCV  
  109  12:11  Barracks  
  112  12:17  Barracks  
  112  12:21  Supply Depot, SCV x2  
  115  12:22  SCV  
  115  12:33  SCV x2  
  115  12:34  SCV  
  115  12:35  Orbital Command  
  118  12:41  Hellion  
  118  12:42  Hellion x2  
  118  12:43  Supply Depot  
  124  12:45  SCV x2  
  124  12:47  SCV, Terran Infantry Weapons Level 2  
  127  12:53  Barracks Reactor x2  
  127  12:56  Barracks  
  127  13:01  Barracks Reactor  
  127  13:02  Hellion  
  127  13:03  Hellion x2  
  133  13:11  SCV x3  
  133  13:12  SCV  
  137  13:15  Refinery  
  137  13:16  Refinery  
  137  13:19  Terran Infantry Armor Level 2  
  137  13:23  SCV x2  
  137  13:24  SCV x2, Hellion x3  
  137  13:25  Supply Depot  
  147  13:37  Medivac  
  147  13:39  Medivac  
  147  13:49  Supply Depot  
  147  13:51  Hellion x2  
  119  14:07  Medivac  
  119  14:08  Medivac  
  123  14:11  Supply Depot  
  123  14:32  Barracks Reactor  
  123  14:35  Supply Depot, Barracks Reactor  
  123  14:37  Medivac  
  125  14:38  Medivac  
  125  14:40  Supply Depot  
  125  14:42  Supply Depot  
  125  14:43  SCV x3  
  130  14:58  Supply Depot, Combat Shield  
  130  15:03  Supply Depot  
  130  15:07  Medivac  
  110  15:08  Medivac  
  107  15:19  Marine  
  107  15:20  Marine x9  
  105  15:25  Supply Depot x2  
  100  15:37  Marine x2, Medivac  
  100  15:38  Marine x8, Medivac  
  112  15:48  Supply Depot  
  112  15:55  Marine x8  
  112  15:56  Marine x2  
  122  15:59  Terran Infantry Weapons Level 3  
  122  16:00  Terran Infantry Armor Level 3  
  122  16:01  Terran Vehicle And Ship Armor Level 2  
  122  16:07  Medivac  
  122  16:08  Medivac  
  124  16:13  Marine x10  
  124  16:17  Stimpack  
  121  16:30  Marine  
  121  16:31  Marine x9  
  125  16:36  Medivac  
  125  16:38  Medivac  
  129  16:48  Marine  
  129  16:49  Marine x9  
  129  16:53  SCV x3  
  127  17:06  Marine, Medivac  
  127  17:07  Marine x9  
  139  17:08  Medivac  
  141  17:24  Marine x8  
  141  17:25  Marine x2  
  151  17:36  Medivac  
  153  17:38  Medivac  
  153  17:42  Marine x10  
  165  17:46  Command Center  
  163  17:59  Marine  
  163  18:00  Marine x9  
  163  18:03  SCV x3  
  176  18:06  Medivac  
  176  18:08  Medivac  
  180  18:15  SCV x3  
  180  18:17  Marine  
  180  18:18  Marine x9  
  193  18:23  Terran Vehicle And Ship Armor Level 3  
  193  18:35  Marine  
  193  18:36  Marine x6  
  199  19:28  Marine  
  199  19:29  Marine  
  119  20:51  Marine  
  119  20:54  Marine x9  
  129  21:09  Marine  
  130  21:11  Marine  
  130  21:12  Marine x8  
  139  21:18  Medivac  
  139  21:19  Medivac  
  143  21:26  Marine  
  143  21:29  Marine  
  143  21:30  Marine x8  
  153  21:44  Marine  
  145  21:47  Marine  
  145  21:48  Marine x8, Medivac  
  145  21:49  Medivac  
  156  22:02  Marine  
  156  22:05  Marine x5  
  156  22:06  Marine x4  
  133  22:18  Medivac  
  133  22:19  Medivac  
  133  22:20  Marine  
  135  22:23  Marine x9  
  127  22:38  SCV x3, Marine  
  127  22:40  Marine  
  127  22:41  Marine x8  
  140  22:48  Medivac x2  
  143  22:55  Marine  
  144  22:58  Marine  
  144  22:59  Marine x8  
  153  23:13  Marine  
  153  23:16  Marine  
  153  23:17  Marine x8  
  153  23:18  Medivac x2  
  167  23:31  Marine  
  168  23:34  Marine x4  
  168  23:35  Marine x5  
  177  23:48  Medivac x2  
  179  23:49  Marine  
  179  23:52  Marine x5  
  186  24:08  Command Center  
Tags
 
Add a new tag
Caveats
  • Supply blocks, unpowered buildings, or Contaminate may cause inaccurate times.
  • Supply counts are checked every 10 seconds.